 Dungeon Crawl Stone Soup version 0.21.1-1-g345015f (webtiles) character file.

1976 halftheisland the Covert (level 9, -17/41 HPs)
             Began as a Spriggan Enchanter on Feb 11, 2018.
             Was an Initiate of Dithmenos.
             Demolished by an orc warrior
             ... wielding a +0 long sword
              (22 damage)
             ... on level 7 of the Dungeon.
             The game lasted 00:30:12 (7248 turns).

halftheisland the Covert (Spriggan Enchanter)       Turns: 7248, Time: 00:30:13

Health: -17/41     AC:  3    Str:  4    XL:     9   Next: 0%
Magic:  9/20       EV: 20    Int: 17    God:    Dithmenos [......]
Gold:   368        SH:  0    Dex: 19    Spells: 13/22 levels left

rFire    . . .     SeeInvis +   a - +2 dagger
rCold    . . .     Gourm    .   (shield restricted)
rNeg     . . .     Faith    .   b - +1 robe
rPois    +         Spirit   .   (helmet restricted)
rElec    .         Reflect  .   (no cloak)
rCorr    .         Harm     .   (gloves unavailable)
MR       +....                  (boots unavailable)
Stlth    ++++++....             (no amulet)
HPRegen  0.13/turn              h - ring of stealth
MPRegen  0.17/turn              e - ring of poison resistance

@: very quick
A: very small, unfitting armour, see invisible, herbivore, speed 3, slow
metabolism 2
a: Renounce Religion


You were on level 7 of the Dungeon.
You worshipped Dithmenos.
Dithmenos was noncommittal.
You were full.

You visited 2 branches of the dungeon, and saw 8 of its levels.

You collected 368 gold pieces.

Inventory:

Hand Weapons
 a - a +2 dagger (weapon)
 m - a +0 hunting sling
 r - a +5 mace
Missiles
 n - 24 sling bullets
 q - 26 poisoned needles
Armour
 b - a +1 robe (worn)
Jewellery
 e - a ring of poison resistance (right hand)
 h - a ring of stealth (left hand)
Scrolls
 l - 4 scrolls of teleportation
 o - 5 scrolls of remove curse
 t - 6 scrolls of identify
 w - a scroll of enchant weapon
Potions
 g - a potion of curing {unknown}
 i - a potion of berserk rage {unknown}
 k - a potion of lignification {unknown}
 p - a potion of magic {unknown}
 s - a potion of flight {unknown}
 x - a potion of might
 z - 2 potions of cancellation {unknown}
Books
 c - a book of Maledictions

   Spells                             Type                      Level
   a - Corona                         Hexes                        1
   b - Ensorcelled Hibernation        Hexes/Ice                    2
   c - Confuse                        Hexes                        3
   d - Tukima's Dance                 Hexes                        3
   e - Dazzling Spray                 Conjuration/Hexes            3
Comestibles
 d - 4 rations


   Skills:
 + Level 1.0 Fighting
 + Level 3.3 Short Blades
 + Level 0.1 Maces & Flails
 + Level 4.0 Dodging
 * Level 12.2 Stealth
 * Level 7.0 Spellcasting
 * Level 7.0 Hexes
 + Level 2.2 Ice Magic


You had 13 spell levels left.
You knew the following spells:

 Your Spells              Type           Power        Failure   Level  Hunger
a - Corona                Hex            ####...      1%          1    None
b - Ensorcelled Hibernat  Hex/Ice        ###...       2%          2    None
c - Confuse               Hex            ####....     1%          3    ##.....
d - Tukima's Dance        Hex            ####....     1%          3    ##.....


Dungeon Overview and Level Annotations

Branches:
Dungeon (7/15)             Temple (1/1) D:6

Altars:
Ashenzari
Cheibriados
Dithmenos
Elyvilon
Fedhas
Gozag
Hepliaklqana
Kikubaaqudgha
Makhleb
Nemelex Xobeh
Qazlal
Trog
Uskayaw
Vehumet
Wu Jian
Xom
Yredelemnul
Zin
The Shining One
Lugonu

Shops:
D:3 *   D:7 !


Innate Abilities, Weirdness & Mutations

You are very small and have problems with some larger weapons.
You are too small for most types of armour.
You have supernaturally acute eyesight. (SInv)
You are a herbivore.
You cover ground extremely quickly.
You need consume almost no food.


Message History

Casting: Confuse
Confirm with . or Enter, or press ? or * to list all spells.
Aiming: Ensorcelled Hibernation
Press: ? - help, Shift-Dir - straight line, f - orc
Aim: an orc, wielding a falchion (chance to defeat MR: 68%)
The orc looks drowsy...
The orc warrior shouts!
The helpless orc fails to defend itself.
You perforate the orc like a sieve!!!
You kill the orc!
Dithmenos accepts your kill.
Casting: Ensorcelled Hibernation
Confirm with . or Enter, or press ? or * to list all spells.
Aiming: Ensorcelled Hibernation
Press: ? - help, Shift-Dir - straight line, f - orc warrior
Aim: an orc warrior, wielding a long sword and wearing a plate armour (chance to defeat MR: 50%)
The orc warrior resists with some effort.
The orc warrior hits you with a long sword!!
Ouch! That really hurt!
You die...

#.##.###########
#...............
##............#
#...........##
#...........#
#......o...##
#r#∩..##....#
#o#######...##
#.@# ##o§.##
##.# ##o..# #
#.# #r.o## #. ##
..# ##...##..
.## ..# ##....=.
..## ...#
##..... ...##
.... #.....
....# ## .....
........ ....##
#.. ..........


You could see an orc warrior and a quokka.

Vanquished Creatures
  Prince Ribbit (D:5)
  The ghost of halftheisland the Skirmisher, an amateur OgBe of Trog (D:3)
  Menkaure (D:5)
  Edmund (D:5)
  An ice beast (D:5)
  An orc warrior (D:7)
  3 ogres (D:5)
  2 phantoms
  A scorpion (D:4)
  A water moccasin skeleton (D:6)
  4 crimson imps
  2 jellies (D:6)
  A bullfrog skeleton (D:4)
  A hound (D:5)
  An orc priest (D:6)
  2 orc wizards
  An iguana (D:4)
  2 worker ants
  A howler monkey zombie (D:6)
  A howler monkey skeleton (D:4)
  9 adders
  A shadow imp (D:6)
  2 worms
  3 dart slugs
  5 leopard geckos
  19 orcs
  12 bats
  8 giant cockroaches
  7 goblins
  10 hobgoblins
  7 jackals
  2 ball pythons
  8 frilled lizards
  A jackal skeleton (D:2)
  10 kobolds
  A quokka zombie (D:5)
  12 rats
146 creatures vanquished.

Notes
Turn   | Place    | Note
-------+----------+-------------------------------------------
     0 | D:1      | halftheisland the Spriggan Enchanter began the quest for the Orb.
     0 | D:1      | Reached XP level 1. HP: 9/9 MP: 5/5
    94 | D:1      | Reached XP level 2. HP: 8/13 MP: 4/6
    98 | D:1      | Learned a level 2 spell: Ensorcelled Hibernation
  1359 | D:2      | Reached XP level 3. HP: 16/16 MP: 8/8
  1437 | D:2      | Reached skill level 5 in Stealth
  1536 | D:2      | Noticed a dagger
  1536 | D:2      | Noticed a dagger
  1537 | D:2      | Found a hide-covered altar of Uskayaw.
  2404 | D:2      | Reached XP level 4. HP: 21/21 MP: 10/10
  2422 | D:2      | Learned a level 3 spell: Confuse
  2426 | D:2      | Learned a level 3 spell: Tukima's Dance
  3060 | D:3      | Found Zin's Purification Station.
  3064 | D:3      | Found a glowing silver altar of Zin.
  3178 | D:3      | Reached skill level 6 in Stealth
  3245 | D:3      | Noticed halftheisland's ghost (amateur OgBe)
  3294 | D:3      | Killed halftheisland's ghost
  3294 | D:3      | Reached skill level 5 in Hexes
  3294 | D:3      | Reached XP level 5. HP: 8/24 MP: 4/12
  3294 | D:3      | Reached XP level 6. HP: 9/28 MP: 4/13
  3768 | D:3      | Found a blossoming altar of Fedhas.
  4092 | D:4      | Reached skill level 7 in Stealth
  4332 | D:4      | Found a basalt altar of Yredelemnul.
  4680 | D:4      | Found a white marble altar of Elyvilon.
  4807 | D:4      | Reached skill level 1 in Ice Magic
  5070 | D:5      | Entered Level 5 of the Dungeon
  5070 | D:5      | Noticed Edmund
  5088 | D:5      | Killed Edmund
  5088 | D:5      | Reached skill level 8 in Stealth
  5088 | D:5      | Reached XP level 7. HP: 10/32 MP: 5/15
  5442 | D:5      | Reached skill level 5 in Spellcasting
  5457 | D:5      | Noticed Prince Ribbit
  5464 | D:5      | Killed Prince Ribbit
  5464 | D:5      | Reached skill level 9 in Stealth
  5548 | D:5      | Found a bloodstained altar of Trog.
  5552 | D:5      | Reached skill level 10 in Stealth
  5559 | D:5      | Noticed Menkaure
  5565 | D:5      | Reached XP level 8. HP: 31/37 MP: 10/17
  5570 | D:5      | Killed Menkaure
  5700 | D:5      | Found a snail-covered altar of Cheibriados.
  5802 | D:5      | Reached skill level 11 in Stealth
  6196 | D:5      | Found a shadowy altar of Dithmenos.
  6202 | D:5      | Became a worshipper of Dithmenos the Shadowed
  6390 | D:6      | Found a shimmering altar of Xom.
  6440 | D:6      | Found a shadowy altar of Dithmenos.
  6662 | D:6      | Reached skill level 1 in Fighting
  6750 | D:6      | Found a staircase to the Ecumenical Temple.
  6757 | Temple   | Entered the Ecumenical Temple
  6867 | D:6      | Found a hazy altar of Hepliaklqana.
  6867 | D:6      | Found a sparkling altar of Nemelex Xobeh.
  6925 | D:6      | Found an opulent altar of Gozag.
  6987 | D:6      | Reached skill level 12 in Stealth
  7206 | D:7      | Reached XP level 9. HP: 9/41 MP: 8/20
  7206 | D:7      | HP: 2/41 [orc/war axe (8)]
  7230 | D:7      | Found Kopt's Distillery.
  7248 | D:7      | Demolished by an orc warrior

Skill      XL: |  1  2  3  4  5  6  7  8 |
---------------+-------------------------+-----
Hexes          | 4 5 6 7 |  7.0
Spellcasting   | 3 4 5 7 |  7.0
Stealth        | 5 6 8 10 12 | 12.2
Short Blades   | 2 3 |  3.3
Ice Magic      | 1 2 |  2.2
Dodging        | 4 |  4.0
Fighting       | 1 |  1.0
Maces & Flails | |  0.1

Action                   |  1- 3 |  4- 6 |  7- 9 || total
-------------------------+-------+-------+-------++-------
Melee: Dagger            |    96 |   134 |    99 ||   329
       Mace              |       |    14 |       ||    14
Throw: Throwing net      |       |       |     1 ||     1
 Cast: Corona            |     3 |       |       ||     3
       Ensorcelled Hiber |    46 |    48 |    35 ||   129
       Confuse           |       |     6 |    12 ||    18
       Tukima's Dance    |       |     1 |       ||     1
  Use: Scroll            |     7 |       |     5 ||    12
       Potion            |       |     2 |     1 ||     3
 Stab: Sleeping          |    35 |    44 |    29 ||   108
       Distracted        |     1 |     1 |     1 ||     3
       Confused          |       |     4 |     6 ||    10
  Eat: Ration            |     4 |       |     4 ||     8
Armor: Robe              |     8 |    11 |     5 ||    24
Dodge: Dodged            |    80 |   122 |    60 ||   262
